Senators vs Influenza

Created - February 14, 2018 at 23:00

Goals
1 2 3 T
Senators 4 1 2 7
Influenza 1 0 1 2
Shots
1 2 3 T
Senators 21 6 14 41
Influenza 9 5 11 25

1st period

1. Senators , Patrick Bordeleau 14 (Marc-André Bernier 22, Shane Sims 19) at 1:42
2. Influenza , T.J Galiardi 25 (Mark Scheifele 39, Jeremy Morin 34) at 4:22
3. Senators , Matt Frattin 21 (Gabriel Bourque 37, Shane Sims 20) at 8:19
4. Senators , Chris Thorburn 39 (Stephane Da Costa 40, Gabriel Landeskog 28) at 17:31 (PP)
5. Senators , Marc-André Bernier 16 (Dylan Blujus 7, Patrick Bordeleau 13) at 18:35

Penalties :
Keegan Lowe (BIN) for Tripping (Minor) at 9:29, Jimmy Vesey (VJB) for Interference (Minor) at 17:19

2nd period

6. Senators , Matt Frattin 22 (Gabriel Bourque 38, Zemgus Girgensons 7) at 5:49

Penalties :
Shane Prince (BIN) for Holding Stick (Minor) at 2:52, T.J Galiardi (VJB) for Hooking (Minor) at 8:11, Dmitry Sinitsyn (VJB) for High sticking (Minor) at 14:00, Jeff May (VJB) for Interference (Minor) at 18:24

3rd period

7. Senators , Gabriel Landeskog 18 (Ian Cole 26, Stephane Da Costa 41) at 4:54 (PP)
8. Senators , Patrick Bordeleau 15 (Marc-André Bernier 23) at 13:22
9. Influenza , Charlie Coyle 9 (Mathieu Carle 44, Beau Bennett 22) at 18:40

Penalties :
Matt Corrente (VJB) for Hooking (Minor) at 1:42, Jeff May (VJB) for Cross-checking (Minor) at 4:45, Jimmy Vesey (VJB) for Hooking (Minor) at 14:15

Goalie Stats

Brad Thiessen (BIN), 23 saves from 25 shots - (0.920), W, 25-12-1, 60:00 minutes
Thomas McCollum (VJB), 34 saves from 41 shots - (0.829), L, 27-11-2, 60:00 minutes

Players Stats for Senators

Player Name              G  A  P  +/- PIM S  H  SB GA TA FO     MP     PP MP  PK MP  
------------------------------------------------------------------------------------
Chandler Stephenson      0  0  0   0  0   0  0  0  0  0  0/0     0:26   0:24   0:00 
Chris Thorburn           1  0  1   0  0   5  0  0  1  0  1/1    20:04   6:03   0:59 
Dylan Blujus             0  1  1   2  0   1  0  0  0  0  0/0    11:36   0:00   0:00 
Freddie Hamilton         0  0  0  -1  0   0  1  0  0  0  1/3     5:44   0:00   0:00 
Gabriel Bourque          0  2  2   1  0   1  4  0  0  1  1/3    18:47   4:13   0:59 
Gabriel Landeskog        1  1  2  -1  0   5  1  1  1  0  5/5    26:32   6:03   2:27 
Ian Cole                 0  1  1   0  0   5  1  1  1  0  0/0    29:43   7:22   2:33 
Jeff Petry               0  0  0   1  0   1  0  2  0  0  0/0    18:41   2:54   1:25 
Keegan Lowe              0  0  0   2  2   1  0  2  0  1  0/0    11:39   0:00   0:00 
Logan Stephenson         0  0  0   0  0   2  2  1  1  2  0/0    29:43   7:22   2:33 
Marc-André Bernier       1  2  3   3  0   4  1  1  2  0  0/0    12:46   0:00   0:00 
Matt Frattin             2  0  2   1  0   7  1  0  0  1  0/0    17:48   4:13   0:00 
Patrick Bordeleau        2  1  3   3  0   4  0  0  0  1  0/1    14:04   0:00   0:39 
Phil Di Giuseppe         0  0  0  -1  0   1  1  0  0  0  3/3     7:55   2:02   0:00 
Ryan Dzingel             0  0  0  -1  0   0  0  0  0  0  0/0     6:31   0:00   0:22 
Shane Prince             0  0  0   3  2   0  0  0  0  0  4/7    13:10   0:00   0:00 
Shane Sims               0  2  2   1  0   1  1  0  0  1  0/0    18:41   2:54   1:25 
Stephane Da Costa        0  2  2   0  0   3  0  0  0  0  19/34  21:24   6:01   2:23 
Zemgus Girgensons        0  1  1   2  0   0  0  1  0  0  3/9    10:46   1:49   0:07 

Players Stats for Influenza

Player Name              G  A  P  +/- PIM S  H  SB GA TA FO     MP     PP MP  PK MP  
------------------------------------------------------------------------------------
Beau Bennett             0  1  1   1  0   3  5  0  0  1  1/1    16:39   1:30   2:23 
Charlie Coyle            1  0  1   1  0   2  2  0  0  0  1/4    12:40   0:00   0:00 
Dmitry Sinitsyn          0  0  0  -2  2   0  0  1  0  2  0/0    12:54   0:00   0:00 
Garnet Hathaway          0  0  0  -1  0   3  0  0  2  0  1/1     9:12   0:09   0:00 
Iiro Pakarinen           0  0  0  -2  0   1  1  1  0  0  1/2    10:00   0:09   1:27 
Jeff May                 0  0  0   1  4   0  1  3  0  0  0/0    25:44   2:35   4:50 
Jeremy Morin             0  1  1  -1  0   0  0  1  1  0  2/3    23:52   2:19   6:21 
Jimmy Vesey              0  0  0   1  4   2  1  0  0  0  0/0    14:09   1:30   0:00 
Joe Morrow               0  0  0  -2  0   0  1  0  0  0  0/0    17:49   1:23   2:37 
Jordan Schroeder         0  0  0  -2  0   1  0  0  0  0  3/5     8:31   0:09   0:00 
Lane MacDermid           0  0  0  -1  0   2  2  0  0  0  0/0    13:15   2:19   1:29 
Mark Olver               0  0  0  -1  0   2  0  0  0  1  6/16   16:56   1:30   5:59 
Mark Scheifele           0  1  1  -1  0   2  2  0  1  0  13/31  20:27   2:19   2:53 
Mathieu Carle            0  1  1   1  0   1  0  3  1  2  0/0    27:27   2:35   6:46 
Matt Corrente            0  0  0  -2  2   2  0  1  0  0  0/0    17:03   0:00   2:49 
Nikita Gusev             0  0  0  -2  0   1  1  0  0  0  1/1     8:08   0:00   0:00 
Paul Ladue               0  0  0  -2  0   0  0  0  0  0  0/0    19:44   1:23   3:30 
T.J Galiardi             1  0  1  -1  2   3  1  1  2  0  0/2    15:07   0:00   0:00 

3 Stars

1 - Patrick Bordeleau (BIN)
2 - Marc-André Bernier (BIN)
3 - Matt Frattin (BIN)

Power Play

Senators - 2 on 7 Attempt(s) - 28.57%
Influenza - 0 on 2 Attempt(s) - 0.00%

Penalty Kill

Senators - 2 on 2 Attempt(s) - 100.00% - Score 0 goal in Penalty Kill
Influenza - 5 on 7 Attempt(s) - 71.43% - Score 0 goal in Penalty Kill

Team Stat

Senators - Hits : 13 - Faceoff Wins : 37 - Blocked Shots : 9 - Penalty Minutes : 4
Influenza - Hits : 17 - Faceoff Wins : 29 - Blocked Shots : 11 - Penalty Minutes : 14

Official

Referees : Joannette Marc and StLaurent Francois
Linesman : Mark Shewchyk and David Brisebois

Game Notes

17:31 of 1st period - Senators goal is going for a video replay. After video review, Goal.
Zemgus Girgensons is injured at 18:02 of 2nd period (Strained Back)

Finance

Level 1 -- Attendance: 1656 (82.80%) -- Ticket Income $66,240
Level 2 -- Attendance: 779 (77.90%) -- Ticket Income $15,580
Total Attendance: 2435 (81.17%)
Total Ticket Income: $81,820
Other Income: $4,091
Total Income: $85,911

Senators

5 vs 5 Forward 
   Center                   Left Wing                Right Wing               Time % Phy DF OF 
 1 Stephane Da Costa        Gabriel Landeskog        Chris Thorburn           40     1   2  2  
 2 Zemgus Girgensons        Gabriel Bourque          Matt Frattin             30     1   2  2  
 3 Shane Prince             Patrick Bordeleau        Marc-André Bernier       20     1   2  2  
 4 Freddie Hamilton         Ryan Dzingel             Gabriel Landeskog        10     1   2  2  

5 vs 5 Defense 
   Defense                  Defense                                           Time % Phy DF OF 
 1 Ian Cole                 Logan Stephenson                                  40     1   2  2  
 2 Shane Sims               Jeff Petry                                        30     1   2  2  
 3 Dylan Blujus             Keegan Lowe                                       20     1   2  2  
 4 Ian Cole                 Logan Stephenson                                  10     1   2  2  

PowerPlay Forward 
   Center                   Left Wing                Right Wing               Time % Phy DF OF 
 1 Stephane Da Costa        Gabriel Landeskog        Chris Thorburn           60     1   2  2  
 2 Zemgus Girgensons        Gabriel Bourque          Matt Frattin             40     1   2  2  

PowerPlay Defense
   Defense                  Defense                                           Time % Phy DF OF 
 1 Ian Cole                 Logan Stephenson                                  60     1   2  2  
 2 Shane Sims               Jeff Petry                                        40     1   2  2  

Penalty Kill 4 Players Forward 
   Center                   Wing                     Time % Phy DF OF 
 1 Gabriel Landeskog        Stephane Da Costa        60     1   2  2  
 2 Chris Thorburn           Gabriel Bourque          40     1   2  2  

Penalty Kill 4 Players Defense
   Defense                  Defense                  Time % Phy DF OF 
 1 Ian Cole                 Logan Stephenson         60     1   2  2  
 2 Shane Sims               Jeff Petry               40     1   2  2  

Penalty Kill - 3 Players Forward 
   Forward                                           Time % Phy DF OF 
 1 Gabriel Landeskog                                 60     1   2  2  
 2 Stephane Da Costa                                 40     1   2  2  

Penalty Kill - 3 Players Defense
   Defense                  Defense                  Time % Phy DF OF 
 1 Ian Cole                 Logan Stephenson         60     1   2  2  
 2 Shane Sims               Jeff Petry               40     1   2  2  

4 vs 4 Forward 
   Center                   Wing                     Time % Phy DF OF 
 1 Gabriel Landeskog        Stephane Da Costa        60     1   2  2  
 2 Chris Thorburn           Gabriel Bourque          40     1   2  2  

4 vs 4 Defense
   Defense                  Defense                  Time % Phy DF OF 
 1 Ian Cole                 Logan Stephenson         60     1   2  2  
 2 Shane Sims               Jeff Petry               40     1   2  2  

Last Minutes Offensive
   Center                   Left Wing                Right Wing               Defense                  Defense                  
   Stephane Da Costa        Gabriel Landeskog        Chris Thorburn           Ian Cole                 Logan Stephenson         

Last Minutes Defensive
   Center                   Left Wing                Right Wing               Defense                  Defense                  
   Stephane Da Costa        Gabriel Landeskog        Chris Thorburn           Ian Cole                 Logan Stephenson         

Goaltenders
Starting : Brad Thiessen            
Backup : Ben Bishop               

Extra Forwards
Normal : Phil Di Giuseppe, Chandler Stephenson, Patrick Bordeleau - PP : Phil Di Giuseppe, Chandler Stephenson - PK : Patrick Bordeleau
Extra Defensemen
Normal : Dylan Blujus, Keegan Lowe, Shane Sims - PP : Dylan Blujus - PK : Keegan Lowe, Shane Sims
Penalty Shots
Gabriel Landeskog, Stephane Da Costa, Chris Thorburn, Gabriel Bourque, Matt Frattin

Scratches
Tomas Jurco (Left Leg Injury), Tommy Wingels (Bruised Right Arm Injury), Matt Tomkins (Healthy)

Influenza

5 vs 5 Forward 
   Center                   Left Wing                Right Wing               Time % Phy DF OF 
 1 Mark Scheifele           T.J Galiardi             Jeremy Morin             40     1   2  2  
 2 Charlie Coyle            Jimmy Vesey              Beau Bennett             30     1   2  2  
 3 Mark Olver               Lane MacDermid           Garnet Hathaway          20     1   2  2  
 4 Jordan Schroeder         Nikita Gusev             Iiro Pakarinen           10     1   2  2  

5 vs 5 Defense 
   Defense                  Defense                                           Time % Phy DF OF 
 1 Mathieu Carle            Jeff May                                          40     1   2  2  
 2 Matt Corrente            Paul Ladue                                        30     1   2  2  
 3 Joe Morrow               Dmitry Sinitsyn                                   20     1   2  2  
 4 Mathieu Carle            Jeff May                                          10     1   2  2  

PowerPlay Forward 
   Center                   Left Wing                Right Wing               Time % Phy DF OF 
 1 Mark Scheifele           Lane MacDermid           Jeremy Morin             60     1   2  2  
 2 Mark Olver               Jimmy Vesey              Beau Bennett             40     1   2  2  

PowerPlay Defense
   Defense                  Defense                                           Time % Phy DF OF 
 1 Mathieu Carle            Jeff May                                          60     1   2  2  
 2 Joe Morrow               Paul Ladue                                        40     1   2  2  

Penalty Kill 4 Players Forward 
   Center                   Wing                     Time % Phy DF OF 
 1 Mark Olver               Jeremy Morin             60     1   2  2  
 2 Mark Scheifele           Beau Bennett             40     1   2  2  

Penalty Kill 4 Players Defense
   Defense                  Defense                  Time % Phy DF OF 
 1 Mathieu Carle            Jeff May                 60     1   2  2  
 2 Matt Corrente            Paul Ladue               40     1   2  2  

Penalty Kill - 3 Players Forward 
   Forward                                           Time % Phy DF OF 
 1 Mark Olver                                        60     1   2  2  
 2 Mark Scheifele                                    40     1   2  2  

Penalty Kill - 3 Players Defense
   Defense                  Defense                  Time % Phy DF OF 
 1 Mathieu Carle            Jeff May                 60     1   2  2  
 2 Matt Corrente            Paul Ladue               40     1   2  2  

4 vs 4 Forward 
   Center                   Wing                     Time % Phy DF OF 
 1 Mark Scheifele           Jeremy Morin             60     1   2  2  
 2 Mark Olver               Beau Bennett             40     1   2  2  

4 vs 4 Defense
   Defense                  Defense                  Time % Phy DF OF 
 1 Mathieu Carle            Jeff May                 60     1   2  2  
 2 Matt Corrente            Paul Ladue               40     1   2  2  

Last Minutes Offensive
   Center                   Left Wing                Right Wing               Defense                  Defense                  
   Mark Scheifele           Jimmy Vesey              Jeremy Morin             Mathieu Carle            Matt Corrente            

Last Minutes Defensive
   Center                   Left Wing                Right Wing               Defense                  Defense                  
   Mark Scheifele           Lane MacDermid           Jeremy Morin             Mathieu Carle            Matt Corrente            

Goaltenders
Starting : Thomas McCollum          
Backup : Tyson Sexsmith           

Extra Forwards
Normal : Garnet Hathaway, Jordan Schroeder, Iiro Pakarinen - PP : Garnet Hathaway, Jordan Schroeder - PK : Iiro Pakarinen
Extra Defensemen
Normal : Matt Corrente, Mathieu Carle, Jeff May - PP : Matt Corrente - PK : Mathieu Carle, Jeff May
Penalty Shots
Jeremy Morin, Mark Olver, Beau Bennett, Mark Scheifele, Garnet Hathaway

Scratches
Jacob Josefson (Healthy), Jamie Devane (Healthy), Johan Larsson (Healthy), Fredric Larsson (Healthy), Tim Erixon (Bruised Left Arm Injury)
Tom Kuhnhackl (Healthy), Oskars Bartulis (Left Hip Injury), Rocco Grimaldi (Healthy), Ryan Sproul (Healthy), Josh Andrerson (Healthy)
Jesse Graham (Healthy), Vince Rocco (Healthy), Jamie Phillips (Healthy)

% Time on Ice - Senators

Lines # - Real PCT - Wanted PCT - Time Play
Normal Forward
1 - 30% - 40% - 13:39
2 - 30% - 30% - 13:37
3 - 28% - 20% - 12:46
4 - 13% - 10% - 5:44
Normal Defense
1 - 39% - 40% - 17:47
2 - 31% - 30% - 14:22
3 - 25% - 20% - 11:36
4 - 4% - 10% - 2:01
PP Forward
1 - 59% - 60% - 6:01
2 - 41% - 40% - 4:15
PP Defense
1 - 72% - 60% - 7:22
2 - 28% - 40% - 2:54
PK Forward
1 - 75% - 60% - 2:59
2 - 25% - 40% - 0:59
PK Defense
1 - 64% - 60% - 2:33
2 - 36% - 40% - 1:25
PK3 Forward
1 - 0% - 60%
2 - 0% - 40%
PK3 Defense
1 - 0% - 60%
2 - 0% - 40%
44 Forward
1 - 0% - 60%
2 - 0% - 40%
44 Defense
1 - 0% - 60%
2 - 0% - 40%
Last Minute Offensive  - 0:00
Last Minute Defensive  - 0:00
Total
Forward - 60:00
Defense - 60:00

% Time on Ice - Influenza

Lines # - Real PCT - Wanted PCT - Time Play
Normal Forward
1 - 35% - 40% - 16:03
2 - 28% - 30% - 12:46
3 - 19% - 20% - 8:49
4 - 18% - 10% - 8:08
Normal Defense
1 - 37% - 40% - 17:05
2 - 32% - 30% - 14:51
3 - 28% - 20% - 12:49
4 - 2% - 10% - 1:01
PP Forward
1 - 62% - 60% - 2:28
2 - 38% - 40% - 1:30
PP Defense
1 - 65% - 60% - 2:35
2 - 35% - 40% - 1:23
PK Forward
1 - 77% - 60% - 7:53
2 - 23% - 40% - 2:23
PK Defense
1 - 66% - 60% - 6:46
2 - 34% - 40% - 3:30
PK3 Forward
1 - 0% - 60%
2 - 0% - 40%
PK3 Defense
1 - 0% - 60%
2 - 0% - 40%
44 Forward
1 - 0% - 60%
2 - 0% - 40%
44 Defense
1 - 0% - 60%
2 - 0% - 40%
Last Minute Offensive  - 0:00
Last Minute Defensive  - 0:00
Total
Forward - 60:00
Defense - 60:00

Play by Play

1st period


0:01 of 1st period - Mark Scheifele wins face-off versus Stephane Da Costa in neutral zone.
0:10 of 1st period - Slapshot by Jeremy Morin.
0:10 of 1st period - Shot Misses the Net.
1:24 of 1st period - Snap shot by Patrick Bordeleau.
1:24 of 1st period - Shot Misses the Net.
1:40 of 1st period - Slapshot by Marc-André Bernier.
1:40 of 1st period - Stopped by Thomas McCollum with a rebound.
1:42 of 1st period - Slapshot by Patrick Bordeleau.
1:42 of 1st period - Goal by Patrick Bordeleau - Senators : 1 - Influenza : 0.
1:43 of 1st period - Chris Thorburn wins face-off versus Mark Scheifele in neutral zone.
2:31 of 1st period - Wrist shot by Stephane Da Costa.
2:31 of 1st period - Stopped by Thomas McCollum with a rebound.
2:38 of 1st period - Off-side.
2:39 of 1st period - Mark Scheifele wins face-off versus Zemgus Girgensons in neutral zone.
3:23 of 1st period - Slapshot by Garnet Hathaway.
3:23 of 1st period - Stopped by Brad Thiessen with a rebound.
3:25 of 1st period - Wrist shot by Garnet Hathaway.
3:25 of 1st period - Shot Blocked by Marc-André Bernier.
4:22 of 1st period - Snap shot by T.J Galiardi.
4:22 of 1st period - Goal by T.J Galiardi - Senators : 1 - Influenza : 1.
4:23 of 1st period - Mark Scheifele wins face-off versus Zemgus Girgensons in neutral zone.
4:48 of 1st period - Stephane Da Costa is hit by Beau Bennett and loses puck.
5:38 of 1st period - Snap shot by Gabriel Bourque.
5:38 of 1st period - Shot Misses the Net.
5:52 of 1st period - Slapshot by Gabriel Landeskog.
5:52 of 1st period - Stopped by Thomas McCollum with a rebound.
5:54 of 1st period - Snap shot by Ryan Dzingel.
5:54 of 1st period - Deflect By Gabriel Landeskog.
5:54 of 1st period - Stopped by Thomas McCollum with a rebound.
6:41 of 1st period - Snap shot by Jimmy Vesey.
6:41 of 1st period - Deflect By Beau Bennett.
6:41 of 1st period - Shot Misses the Net.
6:41 of 1st period - Puck is out of play.
6:42 of 1st period - Zemgus Girgensons wins face-off versus Mark Scheifele in Senators zone.
6:47 of 1st period - Wrist shot by Gabriel Bourque.
6:47 of 1st period - Shot Misses the Net.
6:49 of 1st period - Slapshot by Jeff Petry.
6:49 of 1st period - Shot Misses the Net.
6:51 of 1st period - Snap shot by Shane Sims.
6:51 of 1st period - Deflect By Zemgus Girgensons.
6:51 of 1st period - Shot Blocked by Mathieu Carle.
6:51 of 1st period - Puck is out of play.
6:52 of 1st period - Mark Scheifele wins face-off versus Zemgus Girgensons in Influenza zone.
7:34 of 1st period - Slapshot by Gabriel Bourque.
7:34 of 1st period - Shot Misses the Net.
8:19 of 1st period - Wrist shot by Matt Frattin.
8:19 of 1st period - Goal by Matt Frattin - Senators : 2 - Influenza : 1.
8:20 of 1st period - Stephane Da Costa wins face-off versus Mark Olver in neutral zone.
8:33 of 1st period - Snap shot by Garnet Hathaway.
8:33 of 1st period - Shot Misses the Net.
8:35 of 1st period - Snap shot by Lane MacDermid.
8:35 of 1st period - Stopped by Brad Thiessen with a rebound.
9:12 of 1st period - Icing by Ryan Dzingel.
9:13 of 1st period - Mark Olver wins face-off versus Freddie Hamilton in Senators zone.
9:20 of 1st period - Snap shot by Mark Olver.
9:20 of 1st period - Shot Blocked by Gabriel Landeskog.
9:22 of 1st period - Wrist shot by Mark Olver.
9:22 of 1st period - Shot Misses the Net.
9:24 of 1st period - Slapshot by Dmitry Sinitsyn.
9:24 of 1st period - Deflect By Garnet Hathaway.
9:24 of 1st period - Stopped by Brad Thiessen with a rebound.
9:29 of 1st period - Minor Penalty to Keegan Lowe for Tripping.
9:30 of 1st period - Gabriel Landeskog wins face-off versus Mark Scheifele in Senators zone.
9:44 of 1st period - Wrist shot by Gabriel Landeskog.
9:44 of 1st period - Stopped by Thomas McCollum without a rebound.
9:45 of 1st period - Gabriel Landeskog wins face-off versus Mark Scheifele in Influenza zone.
9:46 of 1st period - Snap shot by Stephane Da Costa.
9:46 of 1st period - Shot Blocked by Jeff May.
9:48 of 1st period - Slapshot by Ian Cole.
9:48 of 1st period - Stopped by Thomas McCollum with a rebound.
9:50 of 1st period - Slapshot by Ian Cole.
9:50 of 1st period - Stopped by Thomas McCollum with a rebound.
9:52 of 1st period - Snap shot by Ian Cole.
9:52 of 1st period - Shot Misses the Net.
9:54 of 1st period - Slapshot by Ian Cole.
9:54 of 1st period - Stopped by Thomas McCollum without a rebound.
9:55 of 1st period - Gabriel Landeskog wins face-off versus Mark Scheifele in Influenza zone.
10:04 of 1st period - Snap shot by Stephane Da Costa.
10:04 of 1st period - Shot Blocked by Jeremy Morin.
10:06 of 1st period - Slapshot by Logan Stephenson.
10:06 of 1st period - Shot Misses the Net.
10:08 of 1st period - Slapshot by Ian Cole.
10:08 of 1st period - Shot Blocked by Jeff May.
10:10 of 1st period - Wrist shot by Stephane Da Costa.
10:10 of 1st period - Stopped by Thomas McCollum with a rebound.
10:12 of 1st period - Snap shot by Logan Stephenson.
10:12 of 1st period - Stopped by Thomas McCollum without a rebound.
10:13 of 1st period - Gabriel Landeskog wins face-off versus Mark Olver in Influenza zone.
10:24 of 1st period - Ian Cole is hit by Beau Bennett and loses puck.
10:29 of 1st period - Wrist shot by Jimmy Vesey.
10:29 of 1st period - Shot Misses the Net.
11:29 of 1st period - Penalty to Keegan Lowe is over, Keegan Lowe is back on ice.
11:42 of 1st period - Slapshot by Gabriel Landeskog.
11:42 of 1st period - Deflect By Patrick Bordeleau.
11:42 of 1st period - Stopped by Thomas McCollum without a rebound.
11:43 of 1st period - Zemgus Girgensons wins face-off versus Jordan Schroeder in Influenza zone.
11:46 of 1st period - Snap shot by Gabriel Bourque.
11:46 of 1st period - Shot Misses the Net.
11:48 of 1st period - Slapshot by Dylan Blujus.
11:48 of 1st period - Shot Misses the Net.
11:50 of 1st period - Wrist shot by Matt Frattin.
11:50 of 1st period - Stopped by Thomas McCollum without a rebound.
11:51 of 1st period - Iiro Pakarinen wins face-off versus Zemgus Girgensons in Influenza zone.
11:58 of 1st period - Slapshot by Jordan Schroeder.
11:58 of 1st period - Deflect By Nikita Gusev.
11:58 of 1st period - Stopped by Brad Thiessen without a rebound.
11:59 of 1st period - Mark Scheifele wins face-off versus Stephane Da Costa in Senators zone.
12:53 of 1st period - Backhand shot by Lane MacDermid.
12:53 of 1st period - Shot Misses the Net.
13:41 of 1st period - Slapshot by Gabriel Landeskog.
13:41 of 1st period - Stopped by Thomas McCollum with a rebound.
14:25 of 1st period - Keegan Lowe is hit by Nikita Gusev and loses puck.
15:02 of 1st period - Snap shot by Lane MacDermid.
15:02 of 1st period - Shot Blocked by Zemgus Girgensons.
15:04 of 1st period - Snap shot by Mark Olver.
15:04 of 1st period - Stopped by Brad Thiessen without a rebound.
15:05 of 1st period - Shane Prince wins face-off versus T.J Galiardi in Senators zone.
15:31 of 1st period - Jimmy Vesey is hit by Logan Stephenson and loses puck.
15:50 of 1st period - Snap shot by Mark Olver.
15:50 of 1st period - Stopped by Brad Thiessen without a rebound.
15:51 of 1st period - Zemgus Girgensons wins face-off versus Mark Olver in Senators zone.
15:56 of 1st period - Slapshot by Mathieu Carle.
15:56 of 1st period - Deflect By Mark Olver.
15:56 of 1st period - Shot Misses the Net.
15:56 of 1st period - Puck is out of play.
15:57 of 1st period - Stephane Da Costa wins face-off versus Mark Scheifele in Senators zone.
16:12 of 1st period - Off-side.
16:13 of 1st period - Beau Bennett wins face-off versus Zemgus Girgensons in neutral zone.
16:45 of 1st period - Wrist shot by T.J Galiardi.
16:45 of 1st period - Stopped by Brad Thiessen without a rebound.
16:46 of 1st period - Mark Scheifele wins face-off versus Stephane Da Costa in Senators zone.
16:57 of 1st period - Snap shot by Chris Thorburn.
16:57 of 1st period - Stopped by Thomas McCollum with a rebound.
17:19 of 1st period - Minor Penalty to Jimmy Vesey for Interference.
17:20 of 1st period - Mark Olver wins face-off versus Stephane Da Costa in Influenza zone.
17:29 of 1st period - Snap shot by Chris Thorburn.
17:29 of 1st period - Shot Blocked by Jeff May.
17:31 of 1st period - Snap shot by Chris Thorburn.
17:31 of 1st period - Senators goal is going for a video replay.
17:31 of 1st period - The goal is good.
17:31 of 1st period - Goal by Chris Thorburn - Senators : 3 - Influenza : 1.
17:32 of 1st period - Mark Scheifele wins face-off versus Stephane Da Costa in neutral zone.
18:21 of 1st period - Slapshot by Ian Cole.
18:21 of 1st period - Stopped by Thomas McCollum without a rebound.
18:22 of 1st period - Mark Scheifele wins face-off versus Shane Prince in Influenza zone.
18:31 of 1st period - Snap shot by Marc-André Bernier.
18:31 of 1st period - Stopped by Thomas McCollum with a rebound.
18:35 of 1st period - Wrist shot by Marc-André Bernier.
18:35 of 1st period - Goal by Marc-André Bernier - Senators : 4 - Influenza : 1.
18:36 of 1st period - Stephane Da Costa wins face-off versus Mark Scheifele in neutral zone.
19:05 of 1st period - Matt Frattin is hit by Charlie Coyle and loses puck.
19:34 of 1st period - Snap shot by Garnet Hathaway.
19:34 of 1st period - Stopped by Brad Thiessen with a rebound.
19:46 of 1st period - Slapshot by Logan Stephenson.
19:46 of 1st period - Stopped by Thomas McCollum with a rebound.
19:48 of 1st period - Snap shot by Gabriel Landeskog.
19:48 of 1st period - Shot Blocked by Iiro Pakarinen.
19:50 of 1st period - Wrist shot by Gabriel Landeskog.
19:50 of 1st period - Shot Hit the Post.
19:52 of 1st period - Slapshot by Ian Cole.
19:52 of 1st period - Shot Blocked by Matt Corrente.
Goals for this period are 4 for Senators vs 1 for Influenza.
Shots for this period are 21 for Senators vs 9 for Influenza.

2nd period


0:01 of 2nd period - Stephane Da Costa wins face-off versus Mark Scheifele in neutral zone.
0:04 of 2nd period - Snap shot by Chris Thorburn.
0:04 of 2nd period - Stopped by Thomas McCollum with a rebound.
0:37 of 2nd period - Jimmy Vesey is hit by Gabriel Bourque and loses puck.
2:07 of 2nd period - Logan Stephenson is hit by Lane MacDermid and loses puck.
2:18 of 2nd period - Mark Scheifele is hit by Ian Cole and loses puck.
2:52 of 2nd period - Minor Penalty to Shane Prince for Holding Stick.
2:53 of 2nd period - Gabriel Landeskog wins face-off versus Mark Scheifele in Senators zone.
3:19 of 2nd period - Shane Sims is hit by Jeff May and loses puck.
4:45 of 2nd period - Slapshot by Shane Sims.
4:45 of 2nd period - Deflect By Patrick Bordeleau.
4:45 of 2nd period - Stopped by Thomas McCollum without a rebound.
4:46 of 2nd period - Garnet Hathaway wins face-off versus Patrick Bordeleau in Influenza zone.
4:52 of 2nd period - Penalty to Shane Prince is over, Shane Prince is back on ice.
5:10 of 2nd period - Wrist shot by Jeff Petry.
5:10 of 2nd period - Stopped by Thomas McCollum with a rebound.
5:22 of 2nd period - Matt Frattin is hit by Mark Scheifele and loses puck.
5:35 of 2nd period - Wrist shot by Chris Thorburn.
5:35 of 2nd period - Stopped by Thomas McCollum with a rebound.
5:49 of 2nd period - Slapshot by Matt Frattin.
5:49 of 2nd period - Goal by Matt Frattin - Senators : 5 - Influenza : 1.
5:50 of 2nd period - Stephane Da Costa wins face-off versus Mark Scheifele in neutral zone.
6:17 of 2nd period - Ian Cole is hit by Beau Bennett and loses puck.
6:26 of 2nd period - Snap shot by Jimmy Vesey.
6:26 of 2nd period - Shot Blocked by Logan Stephenson.
7:25 of 2nd period - Wrist shot by Matt Frattin.
7:25 of 2nd period - Stopped by Thomas McCollum with a rebound.
7:44 of 2nd period - Off-side.
7:45 of 2nd period - Stephane Da Costa wins face-off versus Charlie Coyle in neutral zone.
7:56 of 2nd period - Off-side.
7:57 of 2nd period - Stephane Da Costa wins face-off versus T.J Galiardi in neutral zone.
8:11 of 2nd period - Minor Penalty to T.J Galiardi for Hooking.
8:12 of 2nd period - Mark Olver wins face-off versus Stephane Da Costa in Influenza zone.
9:46 of 2nd period - Mark Scheifele is hit by Matt Frattin and loses puck.
10:11 of 2nd period - Penalty to T.J Galiardi is over, T.J Galiardi is back on ice.
10:45 of 2nd period - Wrist shot by T.J Galiardi.
10:45 of 2nd period - Stopped by Brad Thiessen without a rebound.
10:46 of 2nd period - Freddie Hamilton wins face-off versus Charlie Coyle in Senators zone.
11:42 of 2nd period - Slapshot by Beau Bennett.
11:42 of 2nd period - Stopped by Brad Thiessen with a rebound.
11:44 of 2nd period - Wrist shot by Jimmy Vesey.
11:44 of 2nd period - Stopped by Brad Thiessen with a rebound.
12:01 of 2nd period - Icing by Stephane Da Costa.
12:02 of 2nd period - Nikita Gusev wins face-off versus Zemgus Girgensons in Senators zone.
12:05 of 2nd period - Snap shot by Jordan Schroeder.
12:05 of 2nd period - Shot Misses the Net.
13:06 of 2nd period - Slapshot by Matt Corrente.
13:06 of 2nd period - Stopped by Brad Thiessen with a rebound.
13:28 of 2nd period - Slapshot by Jordan Schroeder.
13:28 of 2nd period - Shot Misses the Net.
13:30 of 2nd period - Slapshot by Paul Ladue.
13:30 of 2nd period - Shot Blocked by Keegan Lowe.
13:32 of 2nd period - Slapshot by Iiro Pakarinen.
13:32 of 2nd period - Shot Blocked by Keegan Lowe.
13:50 of 2nd period - Icing by Chris Thorburn.
13:51 of 2nd period - Stephane Da Costa wins face-off versus Mark Scheifele in Senators zone.
13:51 of 2nd period - Stephane Da Costa is hit by T.J Galiardi.
14:00 of 2nd period - Minor Penalty to Dmitry Sinitsyn for High sticking.
14:01 of 2nd period - Stephane Da Costa wins face-off versus Mark Olver in Influenza zone.
14:01 of 2nd period - Snap shot by Gabriel Landeskog.
14:01 of 2nd period - Shot Misses the Net.
14:03 of 2nd period - Slapshot by Ian Cole.
14:03 of 2nd period - Deflect By Chris Thorburn.
14:03 of 2nd period - Shot Misses the Net.
14:03 of 2nd period - Puck is out of play.
14:04 of 2nd period - Stephane Da Costa wins face-off versus Mark Olver in Influenza zone.
16:00 of 2nd period - Penalty to Dmitry Sinitsyn is over, Dmitry Sinitsyn is back on ice.
16:11 of 2nd period - Slapshot by Jimmy Vesey.
16:11 of 2nd period - Shot Blocked by Jeff Petry.
16:13 of 2nd period - Wrist shot by Beau Bennett.
16:13 of 2nd period - Stopped by Brad Thiessen with a rebound.
16:43 of 2nd period - Freddie Hamilton is hit by Mark Scheifele and loses puck.
16:51 of 2nd period - Icing by Keegan Lowe.
16:52 of 2nd period - Mark Olver wins face-off versus Freddie Hamilton in Senators zone.
17:44 of 2nd period - Gabriel Landeskog is hit by Charlie Coyle and loses puck.
18:01 of 2nd period - Zemgus Girgensons is hit by Joe Morrow and loses puck.
18:02 of 2nd period - Zemgus Girgensons from Senators is injured at 18:02 of 2nd period (Strained Back).
18:03 of 2nd period - Mark Scheifele wins face-off versus Stephane Da Costa in Senators zone.
18:24 of 2nd period - Minor Penalty to Jeff May for Interference.
18:25 of 2nd period - Jeremy Morin wins face-off versus Stephane Da Costa in Influenza zone.
18:57 of 2nd period - Icing by Ian Cole.
18:58 of 2nd period - Mark Scheifele wins face-off versus Gabriel Bourque in Senators zone.
Goals for this period are 1 for Senators vs 0 for Influenza.
Shots for this period are 6 for Senators vs 5 for Influenza.

3rd period


0:01 of 3rd period - Stephane Da Costa wins face-off versus Mark Olver in neutral zone.
0:24 of 3rd period - Penalty to Jeff May is over, Jeff May is back on ice.
1:05 of 3rd period - Ryan Dzingel is hit by Beau Bennett and loses puck.
1:10 of 3rd period - Snap shot by Jimmy Vesey.
1:10 of 3rd period - Shot Misses the Net.
1:12 of 3rd period - Wrist shot by Charlie Coyle.
1:12 of 3rd period - Stopped by Brad Thiessen with a rebound.
1:14 of 3rd period - Snap shot by Matt Corrente.
1:14 of 3rd period - Shot Blocked by Jeff Petry.
1:18 of 3rd period - Snap shot by Beau Bennett.
1:18 of 3rd period - Stopped by Brad Thiessen with a rebound.
1:28 of 3rd period - Joe Morrow is hit by Phil Di Giuseppe.
1:38 of 3rd period - Snap shot by Matt Frattin.
1:38 of 3rd period - Stopped by Thomas McCollum without a rebound.
1:39 of 3rd period - Phil Di Giuseppe wins face-off versus Charlie Coyle in Influenza zone.
1:40 of 3rd period - Snap shot by Matt Frattin.
1:40 of 3rd period - Stopped by Thomas McCollum with a rebound.
1:42 of 3rd period - Minor Penalty to Matt Corrente for Hooking.
1:43 of 3rd period - Jeremy Morin wins face-off versus Stephane Da Costa in Influenza zone.
1:54 of 3rd period - Snap shot by Stephane Da Costa.
1:54 of 3rd period - Deflect By Jeff May.
1:54 of 3rd period - Shot Misses the Net.
1:54 of 3rd period - Puck is out of play.
1:55 of 3rd period - Mark Olver wins face-off versus Stephane Da Costa in Influenza zone.
2:10 of 3rd period - Snap shot by Gabriel Landeskog.
2:10 of 3rd period - Shot Misses the Net.
2:26 of 3rd period - Wrist shot by Mark Scheifele.
2:26 of 3rd period - Stopped by Brad Thiessen with a rebound.
2:28 of 3rd period - Slapshot by Beau Bennett.
2:28 of 3rd period - Deflect By Chris Thorburn.
2:28 of 3rd period - Shot Blocked by Ian Cole.
2:28 of 3rd period - Puck is out of play.
2:29 of 3rd period - Phil Di Giuseppe wins face-off versus Mark Olver in Senators zone.
3:42 of 3rd period - Penalty to Matt Corrente is over, Matt Corrente is back on ice.
3:54 of 3rd period - Wrist shot by Marc-André Bernier.
3:54 of 3rd period - Stopped by Thomas McCollum without a rebound.
3:55 of 3rd period - Jordan Schroeder wins face-off versus Shane Prince in Influenza zone.
3:55 of 3rd period - Jordan Schroeder is hit by Marc-André Bernier.
4:23 of 3rd period - Wrist shot by Gabriel Bourque.
4:23 of 3rd period - Stopped by Thomas McCollum with a rebound.
4:26 of 3rd period - Icing by Matt Corrente.
4:27 of 3rd period - Gabriel Bourque wins face-off versus Mark Scheifele in Influenza zone.
4:32 of 3rd period - Slapshot by Matt Frattin.
4:32 of 3rd period - Deflect By Phil Di Giuseppe.
4:32 of 3rd period - Stopped by Thomas McCollum without a rebound.
4:33 of 3rd period - Mark Scheifele wins face-off versus Stephane Da Costa in Influenza zone.
4:33 of 3rd period - Mark Scheifele is hit by Logan Stephenson.
4:38 of 3rd period - Off-side.
4:39 of 3rd period - Stephane Da Costa wins face-off versus Mark Scheifele in neutral zone.
4:45 of 3rd period - Minor Penalty to Jeff May for Cross-checking.
4:46 of 3rd period - Stephane Da Costa wins face-off versus Mark Olver in Influenza zone.
4:50 of 3rd period - Wrist shot by Gabriel Landeskog.
4:50 of 3rd period - Shot Misses the Net.
4:52 of 3rd period - Snap shot by Ian Cole.
4:52 of 3rd period - Shot Blocked by Mathieu Carle.
4:54 of 3rd period - Wrist shot by Gabriel Landeskog.
4:54 of 3rd period - Goal by Gabriel Landeskog - Senators : 6 - Influenza : 1.
4:55 of 3rd period - Stephane Da Costa wins face-off versus Mark Scheifele in neutral zone.
5:10 of 3rd period - Snap shot by Mathieu Carle.
5:10 of 3rd period - Shot Misses the Net.
5:51 of 3rd period - Slapshot by Lane MacDermid.
5:51 of 3rd period - Stopped by Brad Thiessen without a rebound.
5:52 of 3rd period - Stephane Da Costa wins face-off versus Mark Olver in Senators zone.
6:22 of 3rd period - Slapshot by Matt Frattin.
6:22 of 3rd period - Stopped by Thomas McCollum without a rebound.
6:23 of 3rd period - Stephane Da Costa wins face-off versus Mark Scheifele in Influenza zone.
6:24 of 3rd period - Snap shot by Chris Thorburn.
6:24 of 3rd period - Stopped by Thomas McCollum with a rebound.
7:30 of 3rd period - Jordan Schroeder is hit by Freddie Hamilton and loses puck.
8:07 of 3rd period - Jeff May is hit by Gabriel Landeskog and loses puck.
8:18 of 3rd period - Gabriel Landeskog is hit by Beau Bennett and loses puck.
8:35 of 3rd period - Gabriel Bourque is hit by Lane MacDermid and loses puck.
8:43 of 3rd period - Icing by Dmitry Sinitsyn.
8:44 of 3rd period - Shane Prince wins face-off versus Iiro Pakarinen in Influenza zone.
9:24 of 3rd period - Mathieu Carle is hit by Shane Sims and loses puck.
9:35 of 3rd period - Snap shot by Mathieu Carle.
9:35 of 3rd period - Deflect By Stephane Da Costa.
9:35 of 3rd period - Stopped by Brad Thiessen without a rebound.
9:36 of 3rd period - Charlie Coyle wins face-off versus Stephane Da Costa in Senators zone.
9:51 of 3rd period - Wrist shot by Beau Bennett.
9:51 of 3rd period - Deflect By Jimmy Vesey.
9:51 of 3rd period - Shot Misses the Net.
9:51 of 3rd period - Puck is out of play.
9:52 of 3rd period - Phil Di Giuseppe wins face-off versus Mark Scheifele in Senators zone.
9:59 of 3rd period - Slapshot by Shane Sims.
9:59 of 3rd period - Stopped by Thomas McCollum with a rebound.
10:01 of 3rd period - Backhand shot by Gabriel Bourque.
10:01 of 3rd period - Shot Blocked by T.J Galiardi.
10:59 of 3rd period - Snap shot by Iiro Pakarinen.
10:59 of 3rd period - Shot Misses the Net.
11:01 of 3rd period - Snap shot by Jordan Schroeder.
11:01 of 3rd period - Stopped by Brad Thiessen with a rebound.
11:03 of 3rd period - Snap shot by Iiro Pakarinen.
11:03 of 3rd period - Stopped by Brad Thiessen with a rebound.
11:05 of 3rd period - Snap shot by Matt Corrente.
11:05 of 3rd period - Stopped by Brad Thiessen without a rebound.
11:06 of 3rd period - Mark Scheifele wins face-off versus Stephane Da Costa in Senators zone.
11:07 of 3rd period - Snap shot by T.J Galiardi.
11:07 of 3rd period - Shot Misses the Net.
11:19 of 3rd period - Wrist shot by Mark Scheifele.
11:19 of 3rd period - Stopped by Brad Thiessen with a rebound.
11:21 of 3rd period - Slapshot by Paul Ladue.
11:21 of 3rd period - Shot Misses the Net.
11:31 of 3rd period - Charlie Coyle is hit by Gabriel Bourque and loses puck.
11:54 of 3rd period - Icing by Patrick Bordeleau.
11:55 of 3rd period - Shane Prince wins face-off versus Mark Olver in Senators zone.
12:22 of 3rd period - Slapshot by Dylan Blujus.
12:22 of 3rd period - Stopped by Thomas McCollum with a rebound.
12:24 of 3rd period - Slapshot by Keegan Lowe.
12:24 of 3rd period - Stopped by Thomas McCollum with a rebound.
12:32 of 3rd period - Slapshot by Marc-André Bernier.
12:32 of 3rd period - Shot Misses the Net.
12:34 of 3rd period - Slapshot by Dylan Blujus.
12:34 of 3rd period - Shot Blocked by Dmitry Sinitsyn.
12:40 of 3rd period - Slapshot by Marc-André Bernier.
12:40 of 3rd period - Shot Misses the Net.
13:22 of 3rd period - Wrist shot by Patrick Bordeleau.
13:22 of 3rd period - Goal by Patrick Bordeleau - Senators : 7 - Influenza : 1.
13:23 of 3rd period - Mark Scheifele wins face-off versus Stephane Da Costa in neutral zone.
13:48 of 3rd period - Ian Cole is hit by Jimmy Vesey and loses puck.
13:53 of 3rd period - Slapshot by Jimmy Vesey.
13:53 of 3rd period - Deflect By Gabriel Bourque.
13:53 of 3rd period - Stopped by Brad Thiessen with a rebound.
14:13 of 3rd period - Wrist shot by Ryan Dzingel.
14:13 of 3rd period - Shot Misses the Net.
14:15 of 3rd period - Minor Penalty to Jimmy Vesey for Hooking.
14:16 of 3rd period - Stephane Da Costa wins face-off versus Jeremy Morin in Influenza zone.
14:28 of 3rd period - Slapshot by Ian Cole.
14:28 of 3rd period - Shot Misses the Net.
14:30 of 3rd period - Slapshot by Ian Cole.
14:30 of 3rd period - Stopped by Thomas McCollum without a rebound.
14:31 of 3rd period - Mark Olver wins face-off versus Stephane Da Costa in Influenza zone.
14:44 of 3rd period - Slapshot by Chris Thorburn.
14:44 of 3rd period - Shot Blocked by Mathieu Carle.
14:46 of 3rd period - Snap shot by Stephane Da Costa.
14:46 of 3rd period - Stopped by Thomas McCollum with a rebound.
14:56 of 3rd period - Mark Olver is hit by Gabriel Bourque.
16:15 of 3rd period - Penalty to Jimmy Vesey is over, Jimmy Vesey is back on ice.
16:31 of 3rd period - Off-side.
16:32 of 3rd period - Jordan Schroeder wins face-off versus Shane Prince in neutral zone.
16:35 of 3rd period - Slapshot by Joe Morrow.
16:35 of 3rd period - Deflect By Iiro Pakarinen.
16:35 of 3rd period - Shot Misses the Net.
16:35 of 3rd period - Puck is out of play.
16:36 of 3rd period - Shane Prince wins face-off versus Jordan Schroeder in Senators zone.
16:36 of 3rd period - Shane Prince is hit by Iiro Pakarinen.
17:17 of 3rd period - Icing by Joe Morrow.
17:18 of 3rd period - Jordan Schroeder wins face-off versus Gabriel Bourque in Influenza zone.
18:07 of 3rd period - Slapshot by Shane Sims.
18:07 of 3rd period - Shot Misses the Net.
18:36 of 3rd period - Slapshot by Beau Bennett.
18:36 of 3rd period - Shot Misses the Net.
18:38 of 3rd period - Slapshot by Mathieu Carle.
18:38 of 3rd period - Shot Misses the Net.
18:40 of 3rd period - Snap shot by Charlie Coyle.
18:40 of 3rd period - Goal by Charlie Coyle - Senators : 7 - Influenza : 2.
18:41 of 3rd period - Stephane Da Costa wins face-off versus Mark Scheifele in neutral zone.
18:43 of 3rd period - Off-side.
18:44 of 3rd period - Stephane Da Costa wins face-off versus Mark Scheifele in neutral zone.
19:16 of 3rd period - Beau Bennett is hit by Gabriel Bourque.
19:32 of 3rd period - Snap shot by Patrick Bordeleau.
19:32 of 3rd period - Shot Misses the Net.
Goals for this period are 2 for Senators vs 1 for Influenza.
Shots for this period are 14 for Senators vs 11 for Influenza.